 Dungeon Crawl Stone Soup version 0.24.0-125-gc4c63601f3 (webtiles) character file.

Game seed: 16614923523022167064, levelgen mode: deterministic

499 Johnny the Poker (level 6, -1/48 HPs)
             Began as a Demigod Gladiator on Feb 19, 2020.
             Slain by an ice beast (8 damage)
             ... on level 5 of the Dungeon.
             The game lasted 00:04:28 (4821 turns).

Johnny the Poker (Demigod Gladiator)                Turns: 4821, Time: 00:04:29

Health: -1/48      AC: 12    Str: 21    XL:     6   Next: 62%
Magic:  8/8        EV:  7    Int: 12    God:
Gold:   307        SH:  0    Dex: 17    Spells: 5/5 levels left

rFire    . . .     SeeInvis .   x - +0 halberd
rCold    . . .     Gourm    .   (shield currently unavailable)
rNeg     . . .     Faith    +   n - +0 plate armour
rPois    .         Spirit   .   c - +0 helmet
rElec    .         Reflect  .   (no cloak)
rCorr    .         Harm     .   (no gloves)
MR       .....                  k - +0 pair of boots
Stlth    ..........             l - amulet of faith
HPRegen  0.16/turn              (no ring)
MPRegen  0.11/turn              (no ring)

@: no status effects
A: high mp 1
a: no special abilities


You were on level 5 of the Dungeon.
You were near starving.

You visited 1 branch of the dungeon, and saw 6 of its levels.

You collected 307 gold pieces.

Inventory:

Hand Weapons
 g - a +1 spear of venom
 x - a +0 halberd (weapon)
 y - a +0 halberd
Missiles
 d - 3 throwing nets (quivered)
Armour
 c - a +0 helmet (worn)
 k - a +0 pair of boots (worn)
 n - a +0 plate armour (worn)
Jewellery
 l - an amulet of faith (around neck)
 o - an uncursed ring of stealth
Scrolls
 b - 3 scrolls of identify
 j - a scroll of teleportation
 q - 2 scrolls of remove curse {unknown}
 s - 2 scrolls of enchant armour {unknown}
 u - a scroll of fog {unknown}
 v - a scroll of blinking {unknown}
 w - a scroll of enchant weapon {unknown}
 A - a scroll of noise {unknown}
Potions
 e - a potion of curing
 h - a potion of brilliance {unknown}
 i - a potion of haste {unknown}
 m - a potion of degeneration {unknown}
 p - a potion of heal wounds {unknown}
 r - a potion of flight {unknown}
 t - a potion of agility {unknown}
Comestibles
 f - 10 rations


   Skills:
 - Level 1.7 Fighting
 + Level 7.2 Polearms
 - Level 1.7 Throwing
 - Level 2.6 Dodging


You had 5 spell levels left.
You didn't know any spells.
Your spell library contained the following spells:

 Spells                   Type           Power        Failure   Level  Hunger
 Animate Skeleton         Necr           N/A          100%        1    ##.....
 Apportation              Tloc           #.....       100%        1    ##.....
 Confusing Touch          Hex            #.....       100%        1    ##.....
 Summon Small Mammal      Summ           #...         100%        1    ##.....


Dungeon Overview and Level Annotations

Branches:
Dungeon (6/15)             Temple (0/1) D:4

Shops:
D:4 :


Innate Abilities, Weirdness & Mutations

You have an increased reservoir of magic. (+10% MP)


Message History

Press: ? - help, Dir - move target cursor, f/p - ice beast
Aim: an ice beast (almost dead)
Your plate armour prevents you from hitting the ice beast.
The ice beast is almost dead.
The ice beast hits you but does no damage.
Attack whom?
Press: ? - help, Dir - move target cursor, f/p - ice beast
Aim: an ice beast (almost dead)
You closely miss the ice beast.
The ice beast is almost dead.
The ice beast closely misses you.
Attack whom?
Press: ? - help, Dir - move target cursor, f/p - ice beast
Aim: an ice beast (almost dead)
You hit the ice beast but do no damage.
The ice beast is almost dead.
The ice beast hits you.
* * * LOW HITPOINT WARNING * * *
The ice beast freezes you!
You die...

(............<.....#
..###...##..###....#
..# ###########....#
..# .....Z......#
..# ............#
..+ ............+
..# ............#
### .########...#
#### ###..###@..##..
....
.......Y........
....
.._.............
##o.
.##.?###...###..
######..####+## #
#....#... ... #..
#.# #.# .#
##+####.###Y###...##


You could see an ice beast and a quokka zombie.

Vanquished Creatures
  An ogre (D:2)
  A bullfrog zombie (D:5)
  A centaur skeleton (D:4)
  A jelly (D:5)
  A hound zombie (D:5)
  A howler monkey zombie (D:4)
  14 gnolls
  5 adders
  3 oozes
  An adder skeleton (D:4)
  3 worms
  3 dart slugs
  2 leopard geckos
  5 orcs
  A ball python (D:2)
  7 bats
  4 giant cockroaches
  6 goblins
  7 hobgoblins
  12 jackals
  A quokka (D:4)
  3 frilled lizards
  7 kobolds
  10 rats
100 creatures vanquished.

Notes
Turn   | Place    | Note
-------+----------+-------------------------------------------
     0 | D:1      | Johnny the Demigod Gladiator began the quest for the Orb.
     0 | D:1      | Reached XP level 1. HP: 17/17 MP: 3/3
   178 | D:1      | Reached skill level 3 in Polearms
   279 | D:1      | Reached XP level 2. HP: 13/24 MP: 4/4
   887 | D:2      | Reached skill level 4 in Polearms
   887 | D:2      | Reached XP level 3. HP: 17/29 MP: 5/5
  1599 | D:2      | Reached XP level 4. HP: 28/36 MP: 6/6
  1760 | D:2      | Noticed an ogre
  1769 | D:2      | Killed an ogre
  1769 | D:2      | Reached skill level 5 in Polearms
  1769 | D:2      | Reached XP level 5. HP: 41/41 MP: 7/7
  2505 | D:3      | Reached skill level 6 in Polearms
  3377 | D:3      | Found a shadowy altar of Dithmenos.
  3516 | D:3      | Found a faded altar of an unknown god.
  3687 | D:4      | Found a snail-covered altar of Cheibriados.
  3707 | D:4      | Reached XP level 6. HP: 48/48 MP: 8/8
  3801 | D:4      | Found a staircase to the Ecumenical Temple.
  4040 | D:4      | Found Buagiak's Book Boutique.
  4422 | D:4      | Found a glowing golden altar of the Shining One.
  4492 | D:5      | Entered Level 5 of the Dungeon
  4501 | D:5      | Reached skill level 7 in Polearms
  4520 | D:5      | Found a shimmering altar of Xom.
  4537 | D:5      | Found a blossoming altar of Fedhas.
  4812 | D:5      | HP: 1/48 [ice beast (11)]
  4821 | D:5      | Slain by an ice beast

Levels and vault maps discovered:
D:1:      wander_arrival_lonely_grave, layout_loops_ring
D:2:      layout_loops_ring, serial_bayou, serial_bayou_pond_e,
          serial_bayou_shore_b, serial_bayou_pond_e, serial_bayou_ford_a,
          serial_bayou_pond_e, minmay_misc_feat_secret_circle
D:3:      layout_loops_ring, nicolae_dithmenos_through_a_glass_darkly,
          chequers_ecumenical_altar_simple_redux, first_ration,
          grunt_ministairs_3
D:4:      layout_loops_corners, kennysheep_slug_shrine,
          minmay_temple_entry_grid, serial_shops, shop,
          nicolae_tso_swordbearing_angel
D:5:      layout_gridville, nicolae_ashenzari_panopticon,
          overflow_temple_1_default, fedhas_ov_isle_minmay
D:6:      layout_rooms, lemuel_crystal_altar, yredelemnul_altar_generic

Skill      XL: |  1  2  3  4  5  6 |
---------------+-------------------+-----
Polearms       | 3 4 5 6 7 |  7.2
Fighting       | |  1.7
Throwing       | |  1.7
Dodging        | |  2.6

Action                   |  1- 3 |  4- 6 || total
-------------------------+-------+-------++-------
Melee: Trident           |   127 |    88 ||   215
       Spear             |       |   139 ||   139
       Halberd           |       |    34 ||    34
  Use: Potion            |       |     5 ||     5
       Scroll            |       |     2 ||     2
 Stab: Sleeping          |     4 |       ||     4
  Eat: Chunk             |     1 |    10 ||    11
Armor: Leather armour    |    27 |     1 ||    28
       Plate armour      |       |   140 ||   140
Dodge: Dodged            |    52 |    90 ||   142
